Map: Eternal Empire LE

Players

Nina - Winner!

  • Race: Protoss Protoss
  • League: Grandmaster
  • Spawn Location: 7:00

Astrea

  • Race: Protoss Protoss
  • Spawn Location: 1:00

Event: DreamHack SC2 Masters 2020 Summer North America

VOD

Have the link to the VOD?

Description

Time

  • Played on: July 10, 2020, 3:31 p.m.
  • Length: 9:51

All games in this series

Show
View Real Time Build Order
Export as new Build Order

Nina Protoss - Winner!

Build Orders:  

Get SALT Encoding   

  12  0:00  Probe  
  13  0:12  Probe  
  14  0:17  Pylon  
  14  0:24  Probe  
  15  0:32  Probe  
  15  0:37  Gateway  
  15  0:40  Probe  
  16  0:48  Assimilator  
  17  0:51  Probe  
  18  0:59  Probe  
  18  1:00  Assimilator  
  19  1:07  Probe  
  19  1:13  Gateway  
  19  1:17  Probe  
  21  1:27  Cybernetics Core  
  21  1:29  Probe  
  22  1:36  Pylon  
  22  1:41  Probe  
  24  1:54  Probe  
  24  2:04  Stalker x2  
  29  2:08  Probe  
  29  2:14  Robotics Facility  
  29  2:18  Warp Gate  
  29  2:20  Probe  
  30  2:31  Pylon  
  30  2:32  Probe  
  31  2:49  Stalker x2  
  35  2:52  Immortal  
  39  3:08  Pylon  
  39  3:16  Pylon  
  39  3:21  Probe  
  39  3:29  Warp Prism  
  41  3:52  Nexus  
  42  3:55  Probe  
  42  4:00  Pylon  
  42  4:07  Probe  
  42  4:08  Sentry  
  45  4:11  Sentry  
  45  4:13  Immortal  
  52  4:30  Nexus  
  51  4:35  Sentry  
  51  4:36  Sentry  
  55  4:43  Pylon  
  55  4:49  Gateway  
  53  4:58  Stalker  
  55  5:02  Observer  
  56  5:07  Probe  
  56  5:09  Stalker  
  59  5:19  Probe  
  58  5:23  Stalker  
  60  5:32  Probe  
  61  5:40  Twilight Council  
  61  5:44  Stalker, Probe  
  61  5:48  Probe  
  65  5:54  Zealot  
  65  5:56  Probe  
  68  5:59  Stalker  
  68  6:00  Probe  
  71  6:08  Probe  
  72  6:13  Stalker, Probe  
  75  6:20  Probe  
  75  6:22  Blink  
  75  6:25  Probe  
  77  6:36  Probe  
  78  6:41  Pylon  
  78  6:43  Pylon  
  78  6:47  Probe  
  78  6:49  Probe  
  77  6:58  Assimilator  
  77  6:59  Assimilator, Probe  
  77  7:00  Immortal, Stalker x2  
  86  7:04  Probe  
  87  7:11  Probe  
  87  7:12  Pylon  
  88  7:17  Probe  
  88  7:19  Stalker  
  91  7:23  Probe  
  91  7:24  Shield Battery  
  91  7:25  Gateway  
  91  7:26  Gateway  
  91  7:28  Stalker, Observer  
  91  7:30  Probe  
  91  7:35  Probe  
  93  7:38  Gateway  
  93  7:47  Stalker x2  
  97  7:57  Pylon  
  97  7:59  Pylon  
  97  8:00  Gateway  
  97  8:05  Stalker  
  99  8:13  Stalker  
  99  8:16  Warp Prism  
  100  8:30  Stalker  
  100  8:31  Stalker  
  103  8:38  Sentry x4  
  111  8:54  Stalker  
  113  8:58  Stalker x2  
  117  9:04  Pylon  
  117  9:08  Pylon  
  117  9:25  Stalker x4  
  117  9:30  Stalker  
  119  9:44  Stalker  
  119  9:45  Stalker  
Show
View Real Time Build Order
Export as new Build Order

Astrea Protoss 

Build Orders:  

Get SALT Encoding   

  12  0:00  Probe  
  13  0:12  Probe  
  14  0:17  Pylon  
  14  0:24  Probe  
  15  0:32  Probe  
  15  0:37  Gateway  
  15  0:40  Probe  
  16  0:46  Assimilator  
  17  0:51  Probe  
  17  0:55  Assimilator  
  18  0:59  Probe  
  19  1:08  Probe  
  19  1:09  Gateway  
  19  1:18  Probe  
  20  1:25  Cybernetics Core  
  21  1:30  Probe  
  22  1:35  Pylon  
  22  1:42  Probe  
  23  1:54  Probe  
  23  2:01  Robotics Facility  
  24  2:03  Warp Gate  
  24  2:06  Stalker  
  26  2:10  Pylon  
  26  2:18  Stalker  
  28  2:36  Probe  
  29  2:38  Immortal  
  29  2:41  Stalker  
  34  3:02  Gateway  
  34  3:04  Sentry  
  36  3:13  Warp Prism, Pylon  
  38  3:48  Pylon  
  38  3:50  Stargate  
  38  3:52  Immortal  
  42  4:15  Adept x3  
  48  4:26  Observer  
  48  4:30  Pylon  
  49  4:34  Pylon  
  49  4:38  Phoenix  
  51  4:47  Pylon  
  51  5:03  Phoenix  
  53  5:22  Phoenix  
  55  5:30  Stalker x2  
  55  5:44  Nexus  
  55  5:54  Phoenix  
  57  6:00  Probe  
  58  6:12  Probe  
  59  6:22  Phoenix  
  59  6:25  Probe  
  62  6:34  Probe  
  63  6:40  Robotics Bay  
  63  6:42  Probe  
  64  6:51  Probe  
  62  6:54  Probe  
  62  7:00  Immortal  
  64  7:02  Probe  
  64  7:03  Probe  
  70  7:12  Probe  
  70  7:15  Probe  
  72  7:22  Forge  
  72  7:24  Probe  
  72  7:27  Probe  
  74  7:35  Robotics Facility  
  74  7:36  Assimilator  
  74  7:37  Probe  
  74  7:39  Colossus, Probe  
  74  7:41  Assimilator  
  76  7:49  Probe  
  83  7:51  Probe  
  83  7:54  Pylon  
  84  8:04  Pylon  
  84  8:06  Probe x2  
  86  8:27  Colossus  
  92  8:48  Pylon  
  92  8:50  Nexus  
  92  8:58  Pylon, Probe  
  92  8:59  Probe  
  92  9:01  Twilight Council  
  94  9:12  Probe x2  
  94  9:14  Observer  
  97  9:21  Adept x3  
  104  9:24  Probe  
  104  9:30  Shield Battery  
  84  9:45  Adept x2  
  84  9:46  Adept  
Tags
 
Add a new tag
Caveats
  • Supply blocks, unpowered buildings, or Contaminate may cause inaccurate times.
  • Supply counts are checked every 10 seconds.